 Dungeon Crawl Stone Soup version 0.23-a0-473-gc8aadda (webtiles) character file.

18365 Parsifal the Slicer (level 12, -1/91 HPs)
             Began as a Demonspawn Fighter on Nov 27, 2018.
             Was a Believer of Uskayaw.
             Shot with an arrow by a centaur warrior (10 damage)
             ... on level 13 of the Dungeon.
             The game lasted 01:03:06 (15296 turns).

Parsifal the Slicer (Demonspawn Fighter)           Turns: 15296, Time: 01:03:08

Health: -1/91      AC: 18    Str: 20    XL:     12   Next: 27%
Magic:  15/18      EV:  7    Int: 10    God:    Uskayaw [**....]
Gold:   559        SH: 16    Dex: 19    Spells: 11/11 levels left

rFire    . . .     SeeInvis .   a - +3 dagger (venom)
rCold    + . .     Gourm    .   c - +0 shield
rNeg     . . .     Faith    .   Y - +2 chain mail of Avejewk {Dex+5}
rPois    .         Spirit   .   m - +1 hat
rElec    .         Reflect  +   E - scarf {repulsion}
rCorr    .         Harm     .   (no gloves)
MR       +....                  (no boots)
Stlth    ++++......             R - +4 amulet of reflection
HPRegen  0.25/turn              O - ring of protection from magic
MPRegen  0.16/turn              B - ring of stealth

@: repel missiles
A: horns 2, iridescent scales 2, cold resistance 1, nightstalker 2
a: Stomp, Line Pass, Renounce Religion


You were on level 13 of the Dungeon.
You worshipped Uskayaw.
Uskayaw was aware of your devotion.
You were not hungry.

You visited 2 branches of the dungeon, and saw 14 of its levels.
You also visited: Sewer.

You collected 829 gold pieces.
You spent 270 gold pieces at shops.

Inventory:

Hand Weapons
 a - a +3 dagger of venom (weapon)
 b - a +1 dagger of freezing
 d - a +1 halberd of venom
 u - a +0 blowgun
 T - the +1 mace of Atuylon {antimagic, rElec MR+ Dex+3}
   (You found it on level 8 of the Dungeon)

   It reduces the magical energy of the wielder, and disrupts the spells and
   magical abilities of those hit.
   Natural abilities and divine invocations are not affected.
   It affects your dexterity (+3).
   It insulates you from electricity.
   It affects your resistance to hostile enchantments.
Missiles
 e - 378 stones (quivered)
 v - 49 poisoned needles
Armour
 c - a +0 shield (worn)
 m - a +1 hat (worn)
 E - a scarf of repulsion (worn)
 Y - the +2 chain mail of Avejewk (worn) {Dex+5}
   (You found it on level 10 of the Dungeon)

   It affects your dexterity (+5).
Jewellery
 h - an uncursed ring of positive energy
 t - an uncursed ring of ice
 B - a ring of stealth (right hand)
 O - a ring of protection from magic (left hand)
 R - a +4 amulet of reflection (around neck)
Wands
 F - a wand of random effects (6)
 J - a wand of enslavement (9)
 W - a wand of digging (2)
Scrolls
 i - 7 scrolls of teleportation
 j - 3 scrolls of fog {unknown}
 k - 4 scrolls of enchant armour
 n - 2 scrolls of noise {unknown}
 o - 4 scrolls of immolation {unknown}
 p - 6 scrolls of remove curse
 r - 2 scrolls of amnesia {unknown}
 s - 3 scrolls of magic mapping
 y - a scroll of identify
 G - a scroll of vulnerability {unknown}
 K - 3 scrolls of fear {unknown}
 M - 2 scrolls of blinking {unknown}
 X - 2 scrolls of silence {unknown}
Potions
 g - 8 potions of curing
 l - a potion of mutation {unknown}
 q - 2 potions of ambrosia {unknown}
 w - 4 potions of degeneration {unknown}
 x - a potion of might
 z - 3 potions of lignification
 A - a potion of agility {unknown}
 H - 2 potions of flight {unknown}
 L - 3 potions of heal wounds {unknown}
 P - a potion of brilliance {unknown}
 Z - a potion of invisibility {unknown}
Comestibles
 f - 19 rations
 C - 3 chunks of flesh


   Skills:
 + Level 7.4 Fighting
 + Level 9.3 Short Blades
 - Level 1.0 Throwing
 + Level 9.2 Armour
 - Level 0.6 Dodging
 + Level 7.1 Stealth
 + Level 9.2 Shields
 * Level 8.4 Invocations
 - Level 0.7 Evocations


You had 11 spell levels left.
You didn't know any spells.
Your spell library contained the following spells:

 Spells                   Type           Power        Failure   Level  Hunger
 Summon Small Mammal      Summ           #...         99%         1    ##.....
 Call Imp                 Summ           #.......     100%        2    ###....
 Call Canine Familiar     Summ           #.......     100%        3    ####...
 Summon Guardian Golem    Hex/Summ       #.......     100%        3    ####...
 Summon Ice Beast         Ice/Summ       #.......     100%        4    #####..
 Summon Lightning Spire   Summ/Air       #.......     100%        4    #####..


Dungeon Overview and Level Annotations

Branches:
Dungeon (13/15)            Temple (1/1) D:7            Lair (0/6) D:8
    Orc (0/2) D:11         Vaults (0/5) D:13

Altars:
Ashenzari
Cheibriados
Dithmenos
Elyvilon
Fedhas
Gozag
Hepliaklqana
Kikubaaqudgha
Makhleb
Nemelex Xobeh
Okawaru
Qazlal
Ru
Sif Muna
Trog
Uskayaw
Vehumet
Wu Jian
Xom
Yredelemnul
Zin
The Shining One

Shops:
D:5 *?   D:9 ?

Annotations:
D:2 exclusion: downstairs
D:5 exclusion: downstairs
D:8 exclusion: 2 downstairs


Innate Abilities, Weirdness & Mutations

You have a pair of horns on your head.
You are mostly covered in iridescent scales. (AC +4)
Your flesh is cold resistant. (rC+)
You are significantly more attuned to the shadows.


Message History

* * * LOW HITPOINT WARNING * * *
You feel better.
You block the ironheart preserver's attack.
The troll bites you.
* * * LOW HITPOINT WARNING * * *
You block the troll's attack. The troll closely misses you.
You hit the troll but do no damage.
The troll is poisoned.
The ironheart preserver hits you with a +0 flail!
* * * LOW HITPOINT WARNING * * *
Okay, then.
Okay, then.
Okay, then.
Okay, then.
You stomp with the beat, sending a shockwave through the revelers around you!
The troll is lightly wounded.
The ironheart preserver is moderately wounded.
You feel somewhat more hungry.
The centaur warrior wields a +0 shortbow.
The centaur warrior shoots an arrow.
The arrow hits you!
You die...

...##..####.##........(y.......
....##.####......####.>.y......
...............................
..#..#...............#.......#
..##.#######..#######...#....
..##.# ....#..#....∩###.........
####.# ....#..#.....# ........#
#.# ....#..#.p...# ......... #.#
....'..#.@T..#####........ #.#
....'(.#.....#.<##........
#.#######..#''####............
#..................#.#........
#..................#.#........
####.#######.c#######.#.)........
.....# ....'..(.....#....####.#..
....## ....'..'[....#...#.....# .
.#### ....#..#.....#.<.....###


You could see an ironheart preserver, a centaur warrior and a troll.

Vanquished Creatures
  Gastronok (D:12)
  4 two-headed ogres
  Pikel (D:4)
  An ugly thing (D:12)
  A manticore (D:13)
  3 centaur zombies
  2 gargoyles
  5 trolls
  Grinder (D:3)
  3 hippogriffs
  Sigmund (D:3)
  2 shadows
  A spriggan (D:9)
  A vampire (D:12)
  2 wyverns (D:11)
  2 hungry ghosts
  3 vampire mosquitoes (D:12)
  Menkaure (D:4)
  A water moccasin (D:6)
  Duvessa (D:4)
  A sky beast (D:7)
  8 orc warriors
  3 phantoms
  A slave (D:5)
  2 black bears
  6 ice beasts
  A necrophage (D:12)
  10 ogres
  An eye of draining (D:12)
  8 centaurs
  6 big kobolds
  6 bullfrogs
  A gnoll sergeant (D:11)
  Dowan (D:4)
  9 scorpions
  16 killer bees
  4 howler monkeys
  A bullfrog zombie (D:9)
  7 crimson imps
  6 hounds
  2 jellies
  4 orc priests
  8 orc wizards
  2 bullfrog skeletons
  A centaur skeleton (D:11)
  An iguana (D:7)
  8 worker ants
  Ijyb (D:3)
  A hound zombie (D:7)
  A hound skeleton (D:8)
  3 howler monkey zombies
  2 worker ant zombies
  Robin (D:3)
  8 adders
  6 gnolls
  A howler monkey skeleton (D:8)
  A river rat (Sewer)
  2 shadow imps
  An ooze (D:4)
  4 adder skeletons
  An adder zombie (D:6)
  2 leopard geckos (D:6)
  33 orcs
  4 ball pythons
  3 giant cockroaches
  13 hobgoblins
  4 jackals (D:4)
  A quokka (D:7)
  A ball python skeleton (D:5)
  6 bats
  6 frilled lizards
  A giant cockroach zombie (D:5)
  13 goblins
  18 kobolds
  A quokka skeleton (D:5)
  8 rats
  A butterfly (D:4)
309 creatures vanquished.

Vanquished Creatures (others)
  A cyclops (D:11)
  A slave (D:4)
  A centaur (D:13)
  A worker ant (D:4)
4 creatures vanquished.

Grand Total: 313 creatures vanquished

Notes
Turn   | Place    | Note
-------+----------+-------------------------------------------
     0 | D:1      | Parsifal the Demonspawn Fighter began the quest for the
                  | Orb.
     0 | D:1      | Reached XP level 1. HP: 18/18 MP: 1/1
   291 | D:1      | Gained mutation: You are slightly more attuned to the
                  | shadows. [demonic ancestry]
   291 | D:1      | Reached XP level 2. HP: 20/24 MP: 2/2
  1270 | D:2      | Gained mutation: You have a pair of small horns on your
                  | head. [demonic ancestry]
  1270 | D:2      | Reached XP level 3. HP: 29/29 MP: 3/3
  1961 | D:3      | Noticed Robin
  1983 | D:2      | Reached XP level 4. HP: 33/35 MP: 4/4
  2259 | D:3      | Killed Robin
  2413 | D:3      | Noticed Ijyb
  2418 | D:3      | Noticed Grinder
  2429 | D:3      | Killed Ijyb
  2434 | D:3      | Paralysed by Grinder for 2 turns
  2436 | D:3      | Killed Grinder
  2436 | D:3      | Gained mutation: You are partially covered in iridescent
                  | scales. (AC +2) [demonic ancestry]
  2436 | D:3      | Reached XP level 5. HP: 24/42 MP: 5/5
  2436 | D:3      | Gained mutation: You are mostly covered in iridescent
                  | scales. (AC +4) [demonic ancestry]
  2436 | D:3      | Reached XP level 6. HP: 28/48 MP: 6/6
  2585 | D:3      | Noticed Sigmund
  2594 | D:3      | Killed Sigmund
  2594 | D:3      | Reached skill level 1 in Stealth
  2714 | D:3      | Found a shattered altar of Ashenzari.
  2731 | D:3      | Found a deep blue altar of Sif Muna.
  3160 | D:3      | Found a faded altar of an unknown god.
  3272 | D:3      | Gained mutation: You are significantly more attuned to the
                  | shadows. [demonic ancestry]
  3272 | D:3      | Reached XP level 7. HP: 54/54 MP: 7/7
  3326 | D:3      | Found a sacrificial altar of Ru.
  3893 | D:4      | Noticed Menkaure
  3944 | D:5      | Entered Level 5 of the Dungeon
  4086 | D:5      | Found a shadowy altar of Dithmenos.
  4328 | D:5      | Reached skill level 5 in Armour
  4343 | D:5      | Reached skill level 5 in Short Blades
  4404 | D:5      | Gained mutation: Your flesh is cold resistant. (rC+)
                  | [demonic ancestry]
  4404 | D:5      | Reached XP level 8. HP: 47/60 MP: 5/8
  4623 | D:5      | Found an ornate altar of the Wu Jian Council.
  4624 | D:5      | Found a radiant altar of Vehumet.
  4713 | D:4      | Noticed Pikel
  4736 | D:4      | Killed Pikel
  4755 | D:4      | Killed Menkaure
  4755 | D:4      | Reached skill level 5 in Shields
  5023 | D:4      | Noticed Duvessa
  5023 | D:4      | Noticed Dowan
  5244 | D:4      | Killed Duvessa
  5262 | D:4      | Killed Dowan
  5362 | D:4      | Found a shimmering altar of Xom.
  5375 | D:4      | Found a bloodstained altar of Trog.
  5690 | D:5      | Found Oga Hues's Magic Scroll Shop.
  5693 | D:5      | Bought a scroll of magic mapping for 45 gold pieces
  5799 | D:5      | Found Zin's Purification Station.
  5802 | D:5      | Found a glowing silver altar of Zin.
  5967 | D:6      | Reached skill level 5 in Fighting
  5967 | D:6      | Reached skill level 1 in Throwing
  5967 | D:6      | Reached XP level 9. HP: 68/68 MP: 9/9
  6131 | D:6      | Found a glowing drain.
  6139 | Sewer    | Entered a sewer
  6493 | D:6      | Identified the +0 robe "Atamirph" {rElec rF++}
  8083 | D:7      | Found an opulent altar of Gozag.
  8369 | D:7      | Found a blossoming altar of Fedhas.
  8378 | D:7      | Found a snail-covered altar of Cheibriados.
  8665 | D:7      | Found a staircase to the Ecumenical Temple.
  8952 | D:7      | Reached XP level 10. HP: 75/76 MP: 10/10
  9021 | Temple   | Entered the Ecumenical Temple
  9069 | Temple   | Became a worshipper of Uskayaw the Reveler
  9123 | D:8      | Reached * piety under Uskayaw
  9126 | D:8      | Reached ** piety under Uskayaw
  9149 | D:8      | Reached skill level 1 in Invocations
  9157 | D:8      | Reached *** piety under Uskayaw
  9165 | D:8      | Reached **** piety under Uskayaw
  9286 | D:8      | Found a staircase to the Lair.
  9923 | D:8      | Got a bloodstained mace
  9924 | D:8      | Identified the cursed +1 mace of Atuylon {antimagic, rElec
                  | MR+ Dex+3} (You found it on level 8 of the Dungeon)
 10664 | D:9      | Noticed a two-headed ogre
 10765 | D:9      | Noticed a two-headed ogre
 10912 | D:9      | Killed a two-headed ogre
 11175 | D:9      | Found Ucho's Magic Scroll Shop.
 11183 | D:9      | Bought a scroll of enchant weapon for 75 gold pieces
 11183 | D:9      | Bought 2 scrolls of enchant armour for 150 gold pieces
 11226 | D:9      | Paralysed by fainting for 10 turns
 11298 | D:9      | Killed a two-headed ogre
 11396 | D:10     | Entered Level 10 of the Dungeon
 11661 | D:10     | Got a faintly glowing chain mail
 11680 | D:10     | Identified the +2 chain mail of Avejewk {Dex+5} (You found
                  | it on level 10 of the Dungeon)
 12416 | D:11     | Reached skill level 5 in Invocations
 12416 | D:11     | Gained mutation: You have a pair of horns on your head.
                  | [demonic ancestry]
 12416 | D:11     | Reached XP level 11. HP: 83/83 MP: 14/14
 12502 | D:11     | Found a staircase to the Orcish Mines.
 12509 | D:11     | Reached ***** piety under Uskayaw
 12525 | D:11     | Reached ****** piety under Uskayaw
 12726 | D:11     | Reached skill level 5 in Stealth
 12837 | D:11     | Found a labyrinth entrance.
 13586 | D:12     | Noticed a purple ugly thing
 13601 | D:12     | Killed a purple ugly thing
 13732 | D:12     | Noticed Gastronok
 13899 | D:12     | Killed Gastronok
 14524 | D:12     | Noticed a two-headed ogre
 14529 | D:12     | Killed a two-headed ogre
 14626 | D:13     | Noticed a two-headed ogre
 14627 | D:13     | Reached XP level 12. HP: 91/91 MP: 17/17
 14631 | D:13     | Killed a two-headed ogre
 14968 | D:13     | Noticed a death knight
 15021 | D:13     | Noticed a centaur warrior
 15280 | D:13     | Found a gate to the Vaults.
 15280 | D:13     | Noticed an ironheart preserver
 15296 | D:13     | Shot with an arrow by a centaur warrior

Vault maps used:
D:1:      psy_arrival_statuary, chequers_big_river, minmay_stone_trees_small,
          item_on_display_a
D:2:      chequers_hall_statues_corner_a
D:3:      nicolae_ru_the_path_less_chosen, lemuel_crystal_altar,
          nicolae_overflow_crystal_walls, chequers_ecumenical_altar_simple,
          uniq_ijyb, uniq_robin, uniq_sigmund, uniq_grinder
D:4:      lightli_temple_of_fire, xom_butterflies,
          chequers_serial_rivers_large_a, uniq_duvessa, uniq_menkaure,
          uniq_pikel
D:5:      kennysheep_mini_moat, grunt_dithmenos_shadows, fiery_altar_vehumet,
          zin_purify, serial_shops, shop, first_ration
D:6:      portal_sewer_entry_d, dk_rats_in_the_wall
D:7:      overflow_temple_1_default, amethyst_overflow_temple_binary,
          temple_pool_b, chequers_serial_rivers_small_a
D:8:      lair_entry_dummy
D:9:      serial_shops, shop, grunt_pizzeria
D:11:     kennysheep_orc_monster_closet_entryway, lab_entry_generic
D:12:     serial_column_ruins, column_ruins_hut_pillars, column_ruins_hut,
          column_ruins_open_tiny, column_ruins_grid_3,
          column_ruins_corridor_straight, column_ruins_open_tiny, uniq_gastronok
D:13:     skrybe_vaults_entry_preservation
Temple:   eino_wide_crystal_templ
Sewer:    sewer_co_cracked_pipes

Skill      XL: |  1  2  3  4  5  6  7  8  9 10 11 12 |
---------------+-------------------------------------+-----
Shields        | 3 4 5 6 7 8 9 |  9.2
Short Blades   | 2 3 5 6 7 8 9 |  9.3
Armour         | 3 4 5 6 7 8 9 |  9.2
Fighting       | 4 5 6 7 |  7.4
Stealth        | 1 2 4 6 7 |  7.1
Throwing       | 1 |  1.0
Invocations    | 5 7 8 |  8.4
Dodging        | |  0.6
Evocations     | |  0.7

Action                   |  1- 3 |  4- 6 |  7- 9 | 10-12 || total
-------------------------+-------+-------+-------+-------++-------
Melee: Rapier            |   114 |    82 |   186 |       ||   382
       Headbutt          |     9 |    16 |   127 |   180 ||   332
       Dagger            |       |       |   416 |   676 ||  1092
Throw: Stone             |     4 |       |    16 |     2 ||    22
Invok: Stomp             |       |       |       |     2 ||     2
Evoke: Wand              |       |     3 |     7 |    23 ||    33
  Use: Potion            |       |     2 |       |     2 ||     4
       Scroll            |       |       |     6 |     6 ||    12
 Stab: Paralysed         |       |     3 |       |    37 ||    40
       Sleeping          |       |       |    21 |    21 ||    42
       Distracted        |       |       |     1 |       ||     1
  Eat: Chunk             |     1 |     3 |    14 |    19 ||    37
       Ration            |     1 |       |     1 |     3 ||     5
Armor: Scale mail        |    55 |    30 |    85 |       ||   170
       Chain mail        |       |       |    74 |   190 ||   264
Dodge: Dodged            |    38 |    15 |    83 |    86 ||   222
       Deflected         |       |       |       |     4 ||     4
Block: Shield            |    55 |    31 |   226 |   347 ||   659
       Reflection        |       |       |       |    25 ||    25

Table legend:
 A = Non-vault XP
 B = Vault XP
 C = Vault XP percentage of total XP
 D = Non-vault monster count
 E = Vault monster count
 F = Vault count percentage of total count
                 A         B        C        D         E       F
            +---------+---------+-------+---------+---------+-------
      Total |   18132 |    8105 |  30.9 |     245 |      64 |  20.7
            +---------+---------+-------+---------+---------+-------
        D:1 |      21 |       0 |   0.0 |      15 |       0 |   0.0
        D:2 |      75 |      19 |  20.2 |      13 |      10 |  43.5
        D:3 |      78 |     562 |  87.8 |      17 |       5 |  22.7
        D:4 |     449 |    1002 |  69.1 |      16 |       4 |  20.0
        D:5 |     767 |      11 |   1.4 |      18 |       1 |   5.3
        D:6 |     988 |      13 |   1.3 |      26 |       1 |   3.7
        D:7 |    1506 |       0 |   0.0 |      23 |       0 |   0.0
        D:8 |    1094 |       0 |   0.0 |      18 |       0 |   0.0
        D:9 |    2292 |     201 |   8.1 |      12 |       1 |   7.7
       D:10 |    1510 |       0 |   0.0 |      26 |       0 |   0.0
       D:11 |    2511 |    1639 |  39.5 |      24 |      20 |  45.5
       D:12 |    3875 |    3167 |  45.0 |      18 |       3 |  14.3
       D:13 |    2966 |    1453 |  32.9 |      19 |       7 |  26.9
      Sewer |       0 |      38 | 100.0 |       0 |      12 | 100.0
            +---------+---------+-------+---------+---------+-------
